 Dungeon Crawl Stone Soup version 0.30-a0-782-ge64f9170bb (webtiles) character file.

Game seed: 8143575101242506025

467 mopl the Vexing (level 6, 0/32 HPs)
             Began as a Deep Elf Enchanter on Mar 13, 2023.
             Frozen to death by an endoplasm (1 damage)
             ... on level 4 of the Dungeon.
             The game lasted 00:06:19 (2911 turns).

mopl the Vexing (Deep Elf Enchanter)                Turns: 2911, Time: 00:06:20

Health: 0/32       AC:  7    Str:  5    XL:     6   Next: 81%
Magic:  25/25      EV: 12    Int: 22    God:
Gold:   52         SH:  0    Dex: 15    Spells: 5/16 levels left

rFire   . . .      SeeInvis .    a - +2 dagger (venom)
rCold   . . .      Faith    .    (no shield)
rNeg    . . .      Spirit   .    b - +0 robe
rPois   .          Reflect  .    u - +1 helmet
rElec   .          Harm     .    s - +0 cloak
rCorr   .          Rampage  .    w - +0 pair of gloves
Will    +....                    f - +0 pair of boots
Stlth   +++                      i - amulet of magic regeneration
HPRegen 0.25/turn                m - ring of magical power
MPRegen 0.59/turn                x - ring of willpower

@: hasted, very quick
A: no striking features
a: no special abilities


You were on level 4 of the Dungeon.
You visited 1 branch of the dungeon, and saw 4 of its levels.

You collected 187 gold pieces.
You spent 135 gold pieces at shops.

Inventory:

Hand Weapons
 a - a +2 dagger of venom (weapon)
Armour
 b - a +0 robe (worn)
 f - a +0 pair of boots (worn)
 s - a +0 cloak (worn)
 u - a +1 helmet (worn)
 w - a +0 pair of gloves (worn)
Jewellery
 i - an amulet of magic regeneration (around neck)
 m - a ring of magical power (left hand)
 x - a ring of willpower (right hand)
Wands
 o - a wand of flame (17)
 r - a wand of iceblast (8)
Scrolls
 d - 2 scrolls of poison {unknown}
 e - 2 scrolls of fog
 j - a scroll of vulnerability {unknown}
 k - a scroll of teleportation {unknown}
 t - a scroll of blinking
Potions
 c - 2 potions of invisibility
 g - 2 potions of attraction {unknown}
 h - a potion of heal wounds {unknown}
 n - 2 potions of haste
 p - 2 potions of mutation {unknown}
 q - a potion of lignification {!q}
 v - a potion of curing
 z - a potion of brilliance


   Skills:
 + Level 3.5 Short Blades
 - Level 2.4 Dodging
 + Level 5.9 Stealth
 + Level 5.5 Spellcasting
 + Level 6.1 Hexes


You had 5 spell levels left.
You knew the following spells:

 Your Spells              Type           Power      Damage    Failure   Level
a - Dazzling Flash        Conj/Hex       38%        N/A       9%          3
b - Ensorcelled Hibernat  Hex/Ice        38%        N/A       4%          2
c - Confusing Touch       Hex            33%        N/A       2%          3
d - Tukima's Dance        Hex            33%        N/A       2%          3

Your spell library contained the following spells:

 Spells                   Type           Power      Damage    Failure   Level
 Sublimation of Blood     Necr           6%         N/A       14%         2
 Wereblood                Tmut           6%         N/A       14%         2
 Ignite Poison            Fire/Tmut/Pois 6%         N/A       28%         3
 Kindle Blastsparks       Fire/Tloc/Air  12%        2d11      28%         3
 Animate Armour           Summ/Erth      12%        N/A       67%         4
 Blade Hands              Tmut           3%         N/A       95%         5
 Freezing Cloud           Conj/Ice/Air   3%         6-21      95%         5
 Iron Shot                Conj/Erth      3%         9d2       100%        6
 Summon Hydra             Summ           3%         N/A       100%        7


Dungeon Overview and Level Annotations

Branches:
Dungeon (4/15)
 Temple: D:4-7

Altars:
Trog
Uskayaw

Shops:
D:3 [:(?(

Annotations:
D:3 2 transporters, emiel's ghost, amateur KoEE


Message History

a +0 club; a +0 leather armour; a gnoll corpse You start resting.
Magic restored.
You start resting.
HP restored.
There is a stone staircase leading down here.
There is a stone staircase leading down here.
You climb downwards.
The gnoll hits you with a +0 flail. The gnoll barely misses you.
The endoplasm barely misses you. The gnoll hits you with a +0 club!
There is a stone staircase leading up, spattered with blood here.
The gnoll attacks as you move away! The gnoll hits you but does no damage.
The endoplasm attacks as you move away! The endoplasm closely misses you.
The gnoll hits you from afar with a +0 spear.
The gnoll hits you with a +0 flail! The gnoll hits you with a +0 club.
* * * LOW HITPOINT WARNING * * *
The endoplasm attacks as you move away! The endoplasm barely misses you.
A goblin and a quokka come into view.
The gnoll barely misses you. The gnoll attacks as you move away!
The gnoll hits you but does no damage. The gnoll misses you.
Casting: Ensorcelled Hibernation (safe; 4% risk of failure)
Confirm with . or Enter, or press ? or * to list all spells.
Aiming: Ensorcelled Hibernation (safe; 4% risk of failure)
Press: ? - help, Shift-Dir - straight line, f - gnoll
Aim: a gnoll, wielding a +0 flail (chance to affect: 61%)
The gnoll resists with significant effort.
The goblin shouts!
The gnoll closely misses you. The gnoll hits you with a +0 flail.
* * * LOW HITPOINT WARNING * * *
The gnoll hits you from afar with a +0 spear.
* * * LOW HITPOINT WARNING * * *
It was a potion of haste.
You feel yourself speed up. The gnoll barely misses you.
The gnoll hits you from afar with a +0 spear.
* * * LOW HITPOINT WARNING * * *
The endoplasm freezes you.
You are frozen.
You die...

..<.g....g...[...#
..........#...... ...#
.........g#.....###...#
J....................#
....##...............##.
....# ..................
.##.. ..........
..)....##.........
....... ###..r....
....... #...... .......
...... ....... ......
....... #.....


You could see 4 gnolls, an endoplasm, a quokka (wandering) and a goblin.

Vanquished Creatures
  A gnoll bouda (D:3)
  Natasha (thrice) (D:3)
  An iguana (D:3)
  4 gnolls
  3 adders
  A white imp (D:3)
  2 worms
  A dart slug (D:3)
  2 endoplasms
  3 giant cockroaches
  13 goblins
  11 hobgoblins
  A jackal (D:1)
  7 kobolds
  2 quokkas
  10 ball pythons
  4 bats
  5 frilled lizards
  9 rats
83 creatures vanquished.

Vanquished Creatures (collateral kills)
  Sigmund (D:2)
1 creature vanquished.

Grand Total: 84 creatures vanquished

Notes
Turn   | Place    | Note
-------+----------+-------------------------------------------
     0 | D:1      | mopl the Deep Elf Enchanter began the quest for the Orb.
     0 | D:1      | Reached XP level 1. HP: 10/10 MP: 6/6
   332 | D:1      | Reached XP level 2. HP: 12/15 MP: 8/8
   335 | D:1      | Learned a level 2 spell: Ensorcelled Hibernation
   415 | D:1      | Reached skill level 4 in Stealth
   631 | D:1      | Reached XP level 3. HP: 12/19 MP: 3/10
   635 | D:1      | Learned a level 3 spell: Confusing Touch
   639 | D:1      | Learned a level 3 spell: Tukima's Dance
   658 | D:1      | Found a faded altar of an unknown god.
  1371 | D:2      | Reached skill level 2 in Short Blades
  1371 | D:2      | Reached skill level 4 in Spellcasting
  1376 | D:2      | Reached XP level 4. HP: 21/24 MP: 6/12
  1642 | D:2      | Noticed Sigmund
  1656 | D:2      | Killed Sigmund
  1657 | D:2      | Reached skill level 3 in Short Blades
  1657 | D:2      | Reached skill level 5 in Stealth
  1657 | D:2      | Reached skill level 5 in Spellcasting
  1657 | D:2      | Reached skill level 5 in Hexes
  1657 | D:2      | Reached XP level 5. HP: 11/28 MP: 11/14
  1657 | D:2      | Reached XP level 6. HP: 13/32 MP: 11/15
  1766 | D:2      | Learned a level 3 spell: Dazzling Flash
  1859 | D:3      | Found Faoxtoamo's Armour Shoppe.
  1899 | D:3      | Found a hide-covered altar of Uskayaw.
  1974 | D:3      | Found Nefu's Magic Scroll Boutique.
  1984 | D:3      | Found Ifog's Weapon Shoppe.
  2162 | D:3      | Bought a scroll of blinking for 75 gold pieces
  2162 | D:3      | Bought a scroll of fog for 40 gold pieces
  2162 | D:3      | Bought a scroll of identify for 20 gold pieces
  2168 | D:3      | Found Giup's Book Boutique.
  2244 | D:3      | Found Unorghya's Weapon Boutique.
  2359 | D:3      | Found a transporter.
  2371 | D:3      | Noticed Natasha
  2379 | D:3      | Killed Natasha
  2399 | D:3      | Found a faded altar of an unknown god.
  2404 | D:3      | Found a bloodstained altar of Trog.
  2449 | D:3      | Noticed emiel's ghost (amateur KoEE)
  2477 | D:3      | Found a transporter.
  2484 | D:3      | Noticed Natasha
  2489 | D:3      | Killed Natasha
  2714 | D:3      | Noticed Natasha
  2722 | D:3      | Killed Natasha
  2789 | D:3      | Reached skill level 6 in Hexes
  2911 | D:4      | HP: 1/32 [gnoll/+0 spear[a gnoll bouda] (1)]
  2911 | D:4      | Frozen to death by an endoplasm

Illustrated notes

Levels and vault maps discovered:
D:1:      dpeg_arrival_shrine, layout_basic, serial_forest,
          infiniplex_forest_clump_tiny, infiniplex_forest_clump_large,
          infiniplex_forest_clump_medium, infiniplex_forest_lined_room_2,
          infiniplex_forest_clump_small, infiniplex_forest_lined_2,
          infiniplex_forest_fountain, ebering_ecumenical_altar_abandoned,
          minmay_pentomino_s4
D:2:      layout_rooms, uniq_sigmund
D:3:      minmay_evil_eye, layout_rooms, nicolae_overflow_ecumenical_swirl,
          nicolae_overflow_crystal_walls, gammafunk_ghost_mausoleum,
          serial_shops, nicolae_lakefront_shop,
          nicolae_shop_competitors_out_of_business,
          nicolae_shop_window_shopping, shop,
          nicolae_shop_temple_entry_statues_fountains, grunt_ministairs_15,
          uniq_natasha
D:4:      layout_cave_pools, nicolae_hepliaklqana_monster_ancestors

Skill      XL: |  1  2  3  4  5  6 |
---------------+-------------------+-----
Stealth        | 4 5 |  5.9
Short Blades   | 2 3 |  3.5
Spellcasting   | 4 5 |  5.5
Hexes          | 5 6 |  6.1
Dodging        | |  2.4

Action                     |  1- 3 |  4- 6 || total
---------------------------+-------+-------++-------
  Melee: Dagger            |   120 |    92 ||   212
         Punch             |     2 |     1 ||     3
   Cast: Ensorcelled Hiber |    13 |    18 ||    31
         Tukima's Dance    |       |     1 ||     1
         Confusing Touch   |       |     1 ||     1
    Use: Scroll            |       |     3 ||     3
         Potion            |       |     1 ||     1
   Stab: Sleeping          |    18 |    16 ||    34
 Armour: Robe              |    19 |    26 ||    45
  Dodge: Dodged            |    78 |    61 ||   139

Table legend: (Time is in decaauts)
 A = Elapsed time spent in this place.
 B = Non-inter-level travel time spent in this place.
 C = Inter-level travel time spent in this place.
 D = Time resting spent in this place.
 E = Time spent auto-exploring this place.
 F = Levels seen in this place.
 G = Mean time per level.
                   A        B        C        D        E       F      G
               +--------+--------+--------+--------+--------+-----+--------+
         Total |   2889 |   2682 |    207 |    587 |   1385 |   4 |  722.2 |
       Dungeon |   2889 |   2682 |    207 |    587 |   1385 |   4 |  722.2 |
               +--------+--------+--------+--------+--------+-----+--------+

Top non-repeatable levels by time:
     D:1: 1128 daAuts
     D:3: 1045 daAuts
     D:2: 696 daAuts
     D:4: 18 daAuts
